 Dungeon Crawl Stone Soup version 0.21-a0-476-gd103f4b (webtiles) character file.

97 theanonym the Chopper (level 4, -11/39 HPs)
             Began as a Hill Orc Fighter on Nov 23, 2017.
             Mangled by an orc warrior
             ... wielding a +0 short sword
              (13 damage)
             ... on level 2 of the Dungeon.
             The game lasted 00:01:55 (1337 turns).

theanonym the Chopper (Hill Orc Fighter)            Turns: 1337, Time: 00:01:55

Health: -11/39     AC:  8    Str: 19    XL:     4   Next: 68%
Magic:  4/4        EV:  7    Int:  8    God:
Gold:   73         SH:  9    Dex: 10    Spells: 3/3 levels left

rFire    . . .     SeeInvis .   a - +0 war axe
rCold    + . .     Gourm    .   c - +0 shield
rNeg     . . .     Faith    .   p - +0 scale mail {rC+}
rPois    .         Spirit   .   i - +0 helmet
rElec    .         Reflect  .   (no cloak)
rCorr    .         Harm     .   (no gloves)
MR       .....                  (no boots)
Stlth    ..........             (no amulet)
HPRegen  0.13/turn              (no ring)
MPRegen  0.09/turn              (no ring)

@: no status effects
A: no striking features
a: no special abilities


   Skills:
 - Level 3.6 Fighting
 + Level 6.3 Axes
 - Level 3.2 Armour
 - Level 3.2 Shields


You had 3 spell levels left.
You didn't know any spells.

Skill      XL: |  1  2  3  4 |
---------------+-------------+-----
Axes           | 4 5 6 |  6.3
Fighting       | |  3.6
Armour         | |  3.2
Shields        | |  3.2

Action                   |  1- 3 |  4- 6 || total
-------------------------+-------+-------++-------
Melee: War axe           |   106 |     9 ||   115
  Use: Potion            |       |     2 ||     2
  Eat: Chunk             |     1 |       ||     1
Armor: Scale mail        |    33 |    12 ||    45
Dodge: Dodged            |    24 |    10 ||    34
Block: Shield            |    43 |    12 ||    55

Inventory:

Hand Weapons
 a - a +0 war axe (weapon)
Armour
 b - a +0 scale mail
 c - a +0 shield (worn)
 i - a +0 helmet (worn)
   (You found it on level 1 of the Dungeon)
 n - a +0 helmet
   (You found it on level 2 of the Dungeon)
 p - a +0 scale mail of cold resistance (worn)
   (You found it on level 2 of the Dungeon)
Scrolls
 e - a scroll of teleportation {unknown}
 j - 3 scrolls of remove curse {unknown}
 k - a scroll of identify {unknown}
 m - a scroll of enchant weapon {unknown}
Comestibles
 f - 3 bread rations
 g - a meat ration
 h - a chunk of flesh
 o - a royal jelly

Dungeon Overview and Level Annotations

Branches:
Dungeon (2/15)

Altars:
Yredelemnul

Annotations:
D:2 Sigmund


You were on level 2 of the Dungeon.
You were hungry.

You visited 1 branch of the dungeon, and saw 2 of its levels.

You collected 73 gold pieces.


Message History

Sigmund the Dreaded comes into view.
He is wielding a scythe.
Sigmund shouts!
You hear an angry hiss.
You hear a shout!
An adder comes into view.
You slash the goblin!
You kill the goblin!
Natasha, Servant of Life and Death comes into view.
Natasha hisses angrily.
You hear a shout!
Sigmund points at you and mumbles some strange words.
You resist with significant effort.
The frilled lizard unfolds its giant frill.
An orc comes into view. It is wielding a club.
Sigmund hits you but does no damage.
Natasha mumbles some strange words.
An orc wizard comes into view. It is wielding a dagger.
The orc wizard shouts!
You closely miss Sigmund. You hit the frilled lizard.
You kill the frilled lizard!
You have reached level 4!
You hit the orc.
You are feeling hungry.
Sigmund hits you with a scythe. You block the orc's attack.
A bat, an orc and an orc warrior come into view.
You regained 7 hp, and now have 38/39 hp.
MP restored: 4 You feel very mighty all of a sudden.
The adder closely misses you. You block the orc's attack.
Sigmund hits you but does no damage.
You closely miss Sigmund. You hit the orc but do no damage.
You slash the adder! The adder bites you but does no damage.
Natasha mumbles some strange words.
The adder barely misses you. The orc hits you but does no damage.
You closely miss Sigmund. You barely miss the adder. You hit the orc.
Sigmund barely misses you. The adder bites you but does no damage.
Natasha howls an incantation.
Natasha shimmers violently.
You block the orc's attack. The adder barely misses you.
You closely miss Sigmund. You barely miss the white imp. You slash the adder!
You kill the adder!
You slash the orc!
You kill the orc!
The bat hits you but does no damage. You block Sigmund's attack.
You block the white imp's attack.
The orc wizard mumbles some strange words.
The orc wizard seems to speed up.
A bat comes into view.
You barely miss Sigmund. You closely miss Natasha. You miss the bat.
You barely miss the white imp. The bat hits you but does no damage.
The white imp hits you but does no damage.
Natasha claws you! You block the bat's attack. Sigmund barely misses you.
Natasha claws you!
You take 15 damage, and have 23/39 hp.
MASSIVE DAMAGE!!
You closely miss Sigmund. You closely miss Natasha. You slash the bat!
You kill the bat!
You barely miss the crimson imp. The bat hits you.
Sigmund hits you but does no damage. Natasha claws you but does no damage.
You take 1 damage, and have 22/39 hp.
You barely miss Sigmund. You completely miss the crimson imp.
You slash Natasha! The bat hits you but does no damage.
You block the crimson imp's attack. The bat hits you but does no damage.
You block Natasha's attack.
The crimson imp shouts, "Slither home, thou canting miscreant efter!"
The crimson imp hits you. Sigmund hits you with a scythe.
* * * LOW HITPOINT WARNING * * *
You take 4 damage, and have 18/39 hp.
Unknown command.
You slash Natasha!
You kill Natasha!
Natasha screams in fury as she dies!
The crimson imp disappears in a puff of smoke!
The white imp disappears in a puff of smoke!
Your Axes skill increases to level 6!
You hit the bat.
You kill the bat!
You barely miss Sigmund. You block the bat's attack.
The orc wizard casts a spell.
The orc wizard blinks!
You closely miss Sigmund. You hit the orc warrior. You closely miss the bat.
The bat misses you.
The orc wizard mumbles some strange words.
The orc wizard blinks!
You block Sigmund's attack.
The orc warrior hits you with a short sword!
* * * LOW HITPOINT WARNING * * *
The orc hits you but does no damage.
You take 8 damage, and have 10/39 hp.
MASSIVE DAMAGE!!
It was a potion of cancellation.
Your magical effects are unravelling.
You feel magically purged.
You feel a little less mighty now. The bat closely misses you.
Sigmund barely misses you. The bat closely misses you.
You slash Sigmund! You closely miss the orc.
Your shield and scale mail prevent you from hitting the bat.
You closely miss the orc warrior. You slash the orc!
You kill the orc!
The bat completely misses you. You block the orc's attack.
You block the orc warrior's attack. Sigmund hits you with a scythe!
* * * LOW HITPOINT WARNING * * *
The orc hits you but does no damage.
The orc warrior hits you with a short sword!
You die...

#.#.#.........# .#####
#.#.#........^# ......
#.#.#.........#
..o...##.#.#.........#
.........#.##........#
#....†.#.##........#
#......#.##........#
#...††b...'........###
+...o@o..##...÷.......
#...@)#########+#'####
........# #.#.####
........# #...>..#
........# #...[###
........# #......#
........# #....#.#
....##### ####....#..
........#.#


You could see Sigmund, an orc warrior, an orc wizard, an orc and a bat.

Notes
Turn   | Place    | Note
-------+----------+-------------------------------------------
     0 | D:1      | theanonym the Hill Orc Fighter began the quest for the Orb.
     0 | D:1      | Reached XP level 1. HP: 19/19 MP: 1/1
    50 | D:1      | Reached skill level 3 in Axes
    52 | D:1      | HP: 7/19 [gnoll/flail (3)]
    54 | D:1      | Reached skill level 4 in Axes
    54 | D:1      | Reached XP level 2. HP: 10/26 MP: 2/2
   342 | D:1      | Reached XP level 3. HP: 30/31 MP: 3/3
   487 | D:1      | Reached skill level 5 in Axes
   778 | D:2      | HP: 8/31 [worm (8)]
   780 | D:2      | Found a basalt altar of Yredelemnul.
  1322 | D:2      | Noticed Sigmund
  1324 | D:2      | Noticed Natasha
  1326 | D:2      | Reached XP level 4. HP: 39/39 MP: 4/4
  1327 | D:2      | Noticed an orc warrior
  1333 | D:2      | HP: 18/39 [Sigmund/scythe (3)]
  1334 | D:2      | Killed Natasha
  1334 | D:2      | Reached skill level 6 in Axes
  1337 | D:2      | HP: 2/39 [Sigmund/scythe (8)]
  1337 | D:2      | Mangled by an orc warrior

Vanquished Creatures
  Natasha (D:2)
  A gnoll (D:1)
  An adder (D:2)
  An ooze (D:1)
  2 worms (D:2)
  2 leopard geckos (D:2)
  2 orcs (D:2)
  5 bats
  2 giant cockroaches
  6 goblins
  3 hobgoblins
  4 jackals (D:1)
  3 frilled lizards
  4 kobolds
  A rat (D:1)
  A bush (D:1)
39 creatures vanquished.
